 Dungeon Crawl Stone Soup version 0.28-b1-25-g9875b3fc8c (webtiles) character file.

Game seed: 7315702509363140996

58 crazypyro the Chopper (level 3, -3/31 HPs)
             Began as a Minotaur Fighter on Feb 2, 2022.
             Slain by Sigmund (7 damage)
             ... on level 2 of the Dungeon.
             The game lasted 00:01:12 (1170 turns).

crazypyro the Chopper (Minotaur Fighter)            Turns: 1170, Time: 00:01:12

Health: -3/31      AC:  6    Str: 22    XL:     3   Next: 76%
Magic:  2/2        EV:  9    Int:  5    God:
Gold:   39         SH:  5    Dex:  9    Spells: 2/2 levels left

rFire   . . .      SeeInvis .   a - +0 war axe
rCold   . . .      Faith    .   c - +1 buckler
rNeg    . . .      Spirit   .   b - +0 scale mail
rPois   .          Reflect  .   (helmet restricted)
rElec   .          Harm     .   (no cloak)
rCorr   .          Rampage  .   (no gloves)
Will    .....                   (no boots)
Stlth   ..........              (no amulet)
HPRegen 0.10/turn               (no ring)
MPRegen 0.08/turn               (no ring)

@: mighty
A: horns 2, retaliatory headbutt
a: no special abilities


You were on level 2 of the Dungeon.
You visited 1 branch of the dungeon, and saw 2 of its levels.

You collected 39 gold pieces.

Inventory:

Hand Weapons
 a - a +0 war axe (weapon)
Armour
 b - a +0 scale mail (worn)
 c - a +1 buckler (worn)
Potions
 d - a potion of might
 g - a potion of lignification {unknown}
 h - a potion of berserk rage {unknown}
 i - a potion of mutation {unknown}
 j - a potion of magic {unknown}


   Skills:
 - Level 3.6 Fighting
 + Level 5.1 Axes
 - Level 3.6 Armour
 - Level 3.6 Shields


You had 2 spell levels left.
You didn't know any spells.
Your spell library was empty.

Dungeon Overview and Level Annotations

Branches:
Dungeon (2/15)

Altars:

Annotations:
D:2 Sigmund


Innate Abilities, Weirdness & Mutations

You have a pair of horns on your head.
You reflexively headbutt those who attack you in melee.


Message History

The jackal bites you but does no damage.
You closely miss the jackal. You headbutt the jackal.
The jackal is severely wounded.
You block the jackal's attack. The jackal closely misses you.
You hit the jackal.
You kill the jackal!
No target in view!
Sigmund the Dreaded comes into view.
He is wielding a +0 scythe.
Sigmund shouts!
Things that are here:
a jackal corpse; a jackal corpse Sigmund is nearby!
Sigmund casts a spell.
Sigmund flickers and vanishes!
Deactivating autopickup; reactivate with Ctrl-A.
No target in view!
No target in view!
No target in view!
There is a strange disturbance nearby!
Found a scroll labelled LYMOURREKKIMP.
Something hits you but does no damage. Something hits you.
You hear some strange, mumbled words.
A magic dart appears from out of thin air!
The magic dart hits you. Something hits you!
You completely miss something. You barely miss something. Something hits you.
You closely miss something. Something hits you!
You closely miss something. You block something's attack.
You hit something but do no damage. Something hits you.
* * * LOW HITPOINT WARNING * * *
You barely miss something. Your headbutt misses something.
Something completely misses you.
You slash something! Something hits you.
* * * LOW HITPOINT WARNING * * *
Okay, then.
You feel very mighty all of a sudden.
You miss something. You headbutt something! Something hits you!
You die...

..............#####.#######
#.##..#######.............#
..##...# #######.#####.##
####...#******#####.††.....#
# #...#*,,,,,,..##..####..#
# #####*******#.##..# *,,*
##.##..# *,,* ******
#..{...# *,,* ,,,*,********
#?@...## *,,* ,,,,*,,**,,,*
#..#### *,,* ,,,****,+,,,*
#..# ####,,* ,,** ***,,,*
#..# #..,,,* *** ***** #..#
#.#**<******
#..#####.###,,,,,,,
#>...†.....#******* ***
##.#####.#.# *
*,**********,****#.#.# *


There were no monsters in sight!

Vanquished Creatures
  An adder (D:2)
  3 worms (D:2)
  An orc (D:2)
  5 ball pythons
  3 endoplasms (D:1)
  2 giant cockroaches (D:1)
  3 goblins
  A hobgoblin (D:2)
  8 jackals
  A quokka (D:1)
  4 bats (D:1)
  A frilled lizard (D:1)
  4 rats
37 creatures vanquished.

Notes
Turn   | Place    | Note
-------+----------+-------------------------------------------
     0 | D:1      | crazypyro the Minotaur Fighter began the quest for the Orb.
     0 | D:1      | Reached XP level 1. HP: 19/19 MP: 0/0
   130 | D:1      | Reached skill level 3 in Axes
   133 | D:1      | Reached XP level 2. HP: 23/26 MP: 1/1
   507 | D:1      | Reached skill level 4 in Axes
   854 | D:2      | Reached XP level 3. HP: 31/31 MP: 2/2
  1148 | D:2      | Reached skill level 5 in Axes
  1153 | D:2      | Noticed Sigmund
  1170 | D:2      | Slain by Sigmund

Illustrated notes

Levels and vault maps discovered:
D:1:      dpeg_arrival_radiant, layout_basic
D:2:      layout_loops_ring, uniq_sigmund, uniq_robin, uniq_crazy_yiuf_cottage

Skill      XL: |  1  2  3 |
---------------+----------+-----
Axes           | 3 4 5 |  5.1
Fighting       | |  3.6
Armour         | |  3.6
Shields        | |  3.6

Action                   || total
-------------------------++-------
Melee: War axe           ||    72
       Headbutt          ||    12
  Use: Scroll            ||     3
       Potion            ||     1
Armor: Scale mail        ||    27
Dodge: Dodged            ||    24
Block: Buckler           ||    18
